 BcadrenCrawl: Boulder Brew version 0.04.2-10-g17648f679b (webtiles) character file.

Game seed: 10369209847848894966, levelgen mode: deterministic

351435 gruber the Brawler (level 21, -6/206 HPs) Troll Demonspawn. Began on May 2, 2021. Was the Champion of Qazlal. Mangled by a shadow wraith (22 damage) ... on level 3 of the Crypt. The game lasted 01:19:06 (30631 turns).

gruber the Brawler (Troll Demonspawn)              Turns: 30631, Time: 01:19:06

Health: -6/206     AC: 27    Str: 35    XL:     21 ^: 86051
Magic:  29/29      EV: 13    Int: 11    God:    Qazlal [6* [185]]
Gold:   4603       SH: 13    Dex: 11    Spells: 19/22 levels left

rFire    . . .     Vision   +     - Unarmed
rCold    . . .     Gourm    +     - Unarmed
rNeg     . . .     Faith    .   G - quicksilver dragon scales
rPois    +         Spirit   .   I - +0 mask of the Dragon {MR+ Slay+3 +Vis}
rElec    .         Reflect  +   C - +0 cloak {+Inv}
rCorr    +         Harm     .   (gloves unavailable)
MR       +++++     Clarity  +   (boots unavailable)
Stlth    +.........             y - amulet of reflection
HPRegen  1.18/turn              F - ring "Vejofi" {+Blink rPois}
MPRegen  0.39/turn              S - ring of the Mage {Wiz MR++ Int+3}

@: protected from physical damage, studying 2 skills, repel missiles
A: large, unfitting armour, claws 3, talons 2, yellow scales 3, agile 1,
clarity, fast metabolism 3, gourmand, powered by death 3, regeneration 1, shaggy
fur 1, spiny 2, tough skin 3, MP-powered wands
}: 2/15 runes: serpentine, barnacled
a: Upheaval, Elemental Force, Disaster Area, Renounce Religion, Evoke Blink,
Evoke Invisibility


You were on level 3 of the Crypt.
You worshipped Qazlal.
Qazlal was exalted by your worship.
You were not hungry.

You visited 8 branches of the dungeon, and saw 32 of its levels.
You visited 1 bazaar.
You also visited: Volcano.

You collected 5623 gold pieces.
You spent 1020 gold pieces at shops.

Inventory:

Weapons
 T - a +6 mangonel of molten steel Shields
 o - a +1 heater shield of positive energy
 E - a +0 scutum of poison resistance
Armour
 C - a +0 cloak of invisibility (worn)
 G - quicksilver dragon scales (worn)
 I - the +0 mask of the Dragon (worn) {MR+ Slay+3 +Vis}
   (You bought it in a shop on level 2 of the Orcish Mines)

   It affects your accuracy and damage with ranged weapons and melee attacks
   (+3).
   It affects your resistance to hostile enchantments.
   It improves your vision.
Jewellery
 r - the cursed ring of Cunabal {Wiz rF++ rN+ Dex-4 Stlth+, (Curse: *Corrode)}
   (You took it off an orc on level 2 of the Orcish Mines)

   [ring of wizardry]

   It improves your spell success rate.
   It affects your dexterity (-4).
   It greatly protects you from fire.
   It protects you from negative energy.
   It makes you more stealthy.
   It has a curse placed upon it.
   { (Curse: *Corrode)}
 y - an amulet of reflection (around neck)
 F - the ring "Vejofi" (left claw) {+Blink rPois}
   (You acquired it on level 6 of the Dungeon)

   [ring of poison resistance]

   It protects you from poison.
   It lets you blink.
 P - the cursed amulet of Ruhaoll {Spirit rC+ Stlth+, (Curse: -Vis)}
   (You took it off a harpy on level 1 of the Shoals)

   [amulet of guardian spirit]

   It causes incoming damage to be split between your health and magic.
   It protects you from cold.
   It makes you more stealthy.
   It has a curse placed upon it.
   { (Curse: -Vis)}
 Q - an uncursed ring of fire
 S - the ring of the Mage (right claw) {Wiz MR++ Int+3}
   (You took it off a centaur warrior on level 8 of the Dungeon)

   [ring of wizardry]

   It improves your spell success rate.
   It affects your intelligence (+3).
   It affects your resistance to hostile enchantments.
 V - a ring of the Octopus King {AC+1 EV+1 Str+1 Int+1 Dex+1 Stlth+}
   (You found it on level 4 of the Shoals)

   [ring of stealth]

   It affects your AC (+1).
   It affects your evasion (+1).
   It affects your strength (+1).
   It affects your intelligence (+1).
   It affects your dexterity (+1).
   It makes you more stealthy.
 X - an uncursed ring of ice
Wands
 a - a wand of acid (31)
 h - a wand of ensnaring (22)
 u - a wand of disintegration (6)
 x - a wand of enslavement (18)
 B - a wand of iceblast (61)
 D - a wand of polymorph (31)
 H - a wand of hasting (12)
 K - a wand of clouds (16)
 N - a wand of random effects (23)
 U - a wand of flame (38)
Scrolls
 b - 11 scrolls of fear
 g - 6 scrolls of bless item
 j - 2 scrolls of blinking
 k - 8 scrolls of fog
 n - 19 scrolls of teleportation
 q - 5 scrolls of enchantment
 v - 7 scrolls of magic mapping
 w - 5 scrolls of summoning
 Y - a scroll of acquirement
Potions
 d - 10 potions of haste
 e - 5 potions of berserk rage
 f - 14 potions of heal wounds
 i - 16 potions of curing
 m - a potion of beneficial mutation
 p - 5 potions of brilliance
 s - 4 potions of agility
 t - 6 potions of cancellation
 z - a potion of invisibility
 A - 3 potions of cure mutation
 J - 3 potions of resistance
 L - 3 potions of might
 O - 4 potions of ambrosia
 W - 5 potions of magic
Miscellaneous
 l - a lamp of fire
 M - a fan of gales
 R - a sack of spiders
Comestibles
 c - 48 rations


   Skills:
 - Level 12.2 Fighting
 * Level 11.6 Slings
 - Level 14.7 Armour
 - Level 8.3 Dodging
 - Level 1.0 Stealth
 - Level 10.3 Shields
 - Level 15.4 Unarmed Combat
 - Level 1.0 Spellcasting
 - Level 8.4 Translocations
 - Level 1.3 Fire Magic
 - Level 13.0 Invocations


You had 19 spell levels left.
You knew the following spells:

 Your Spells              Type           Power        Failure   Level  Hunger
a - Flame Tongue          Fire           3 (30)       9%          1    ##.....
b - Blink                 Tloc           N/A          1%          2    ###....

Your spell library contained the following spells:

 Spells                   Type           Power        Failure   Level  Hunger
 Gell's Gravitas          Tloc           19 (200)     1%          3    ####...
 Shroud of Golubria       Chrm/Tloc      9 (200)      4%          2    ###....
 Portal Projectile        Chrm/Tloc      9 (50)       8%          3    ####...
 Recall                   Summ/Tloc      N/A          8%          3    ####...
 Magic Candle             Hex/Fire       2 (90)       11%         1    ##.....
 Beastly Appendage        Tmut           0 (50)       14%         1    ##.....
 Confusing Touch          Hex            0 (50)       14%         1    ##.....
 Infusion                 Chrm           0 (25)       14%         1    ##.....
 Poisonous Vapours        Pois/Air       0 (50)       14%         1    ##.....
 Shock                    Air            0 (25)       14%         1    ##.....
 Call Imp                 Summ           0 (100)      21%         2    ###....
 Slow                     Hex            0 (100)      21%         2    ###....
 Song of Slaying          Chrm           0 (100)      21%         2    ###....
 Sticks to Snakes         Tmut           0 (100)      21%         2    ###....
 Swiftness                Chrm/Air       0 (100)      21%         2    ###....
 Conjure Flame            Fire           3 (100)      24%         3    ####...
 Inner Flame              Hex/Fire       2 (100)      32%         3    ####...
 Confuse                  Hex            0 (100)      38%         3    ####...
 Mephitic Cloud           Pois/Air       0 (100)      38%         3    ####...
 Regeneration             Chrm/Necr      0 (200)      38%         3    ####...
 Scorpion Form            Tmut/Pois      0 (200)      38%         3    ####...
 Snakes to Sticks         Hex/Tmut       0 (100)      38%         3    ####...
 Spectral Weapon          Chrm/Summ      0 (100)      38%         3    ####...
 Static Discharge         Air            0 (100)      38%         3    ####...
 Airstrike                Air            0 (200)      77%         4    #####..
 Animate Dead             Necr           N/A          77%         4    #####..
 Cause Fear               Hex            0 (200)      77%         4    #####..
 Ice Form                 Ice/Tmut       0 (100)      77%         4    #####..
 Leda's Liquefaction      Tmut/Erth      0 (200)      77%         4    #####..
 Petrify                  Tmut/Erth      0 (100)      77%         4    #####..
 Still Winds              Hex/Air        0 (200)      77%         4    #####..
 Aura of Abjuration       Summ           0 (200)      98%         5    ######.
 Blade Hands              Tmut           0 (200)      98%         5    ######.
 Lightning Bolt           Air            0 (200)      98%         5    ######.
 Silence                  Hex/Air        0 (200)      98%         5    ######.
 Summon Forest            Summ/Erth      0 (200)      98%         5    ######.
 Summon Lightning Spire   Summ/Air       0 (100)      98%         5    ######.
 Summon Mana Viper        Summ/Pois      0 (100)      98%         5    ######.
 Yara's Violent Unravell  Hex/Tmut       0 (200)      98%         5    ######.
 Bolt of Cold             Ice            0 (200)      100%        6    #######
 Borgnjor's Vile Clutch   Necr/Erth      0 (200)      100%        6    #######
 Cigotuvi's Degeneration  Tmut/Necr      0 (200)      100%        6    #######
 Conjure Ball Lightning   Air            0 (200)      100%        6    #######
 Death Channel            Chrm/Necr      0 (200)      100%        6    #######
 Deflect Missiles         Chrm/Air       0 (200)      100%        6    #######
 Freezing Cloud           Ice/Air        0 (200)      100%        6    #######
 Ozocubu's Refrigeration  Ice            0 (200)      100%        6    #######
 Ring of Flames           Chrm/Fire      2 (200)      100%        6    #######
 Shadow Creatures         Summ           N/A          100%        6    #######
 Simulacrum               Ice/Necr       0 (200)      100%        6    #######
 Tornado                  Air            0 (200)      100%        9    #######


Dungeon Overview and Level Annotations

Branches:
Dungeon (8/8)              Temple (1/1) D:4            Lair (6/6) D:5
 Shoals (4/4) Lair:3        Snake (4/4) Lair:4        Slime (0/5) Lair:5
    Orc (2/2) D:6             Elf (0/3) Orc:2        Vaults (4/5) D:7
  Crypt (3/3) Vaults:2     Depths (0/5) D:8         Volcano (visited)
   Tomb: Crypt:3

Altars:
Ashenzari
Cheibriados
Dithmenos
Elyvilon
Fedhas Madash
Gozag Ym Sagoz
Hepliaklqana
Kikubaaqudgha
Makhleb
Nemelex Xobeh
Okawaru
Qazlal
Ru
Sif Muna
Trog
Uskayaw
Vehumet
Wu Jian
Xom
Yredelemnul
Zin
The Shining One
Beogh

Shops:
D:5 [   Orc:1 [   Orc:2 *[[(?   Shoals:2 (**   Snake:1 %   Snake:3 }}=
Snake:4 (*   Vaults:2 *   Crypt:1 *

Portals:
Trove: Vaults:3 (give +3 fire dragon scales)

Annotations:
Vaults:2 3 runed translucent doors, exclusion: obsidian statue, Switch's ghost, veteran DDFi
Crypt:1 3 runed translucent doors, exclusion: obsidian statue, Jetyrhek's ghost, veteran GrEE


Innate Abilities, Weirdness & Mutations

You are too large for most types of armour.
You have claws for hands. (+6 Unarmed)
You have razor-sharp toenails.
You are completely covered in yellow scales. (AC +4, rCorr)
Your metabolism is lightning-fast.
You like to eat raw meat.
You regenerate a lot of health from kills.
Your natural rate of healing is unusually fast.
You are covered in fur. (AC +1)
You are mostly covered in sharp spines.
You have extremely tough skin. (AC +3)
You are agile. (Dex +2)
You possess an exceptional clarity of mind.
You expend magic power (3 MP) to strengthen your wands.


Message History

There is an open door here.
There is an open door here.
You open the door.
A skeletal warrior comes into view.
You block the skeletal warrior's attack.
There is an open door here.
You mangle the skeletal warrior (31)!! You mangle the skeletal warrior (20)!!
You claw the skeletal warrior, but do no damage.
The skeletal warrior is severely damaged. (17/68) HP You hear an incomprehensible gibbering.
You mangle the skeletal warrior (25)!!
You destroy the skeletal warrior!
Qazlal accepts your kill.
You open the door.
You hear an incomprehensible gibbering.
The death knight hits you from afar with a cursed +0 halberd {(Curse: rC-)} (28)!!
* * * LOW HITPOINT WARNING * * *
The shadow wraith is struck by your spines (2).
The shadow wraith hits you (22)!!
You die...

.......## ###..zpW#._.##....### #
###.....###.##.............##.###
###....'.8.#....⌠...⌠....#.8.'.
###.^'...###....=....###...'.
#####..#.####'''####.#..###
##..#..'.#..†#)'..#..##
#...#p##.'...).##)#...#
#..##.W#########..##..#
##..##.@.+...'.†.##..###
+...###.+..)'.###...'#.
+.....###'''###.....'..
##.....)...........##..
##...†...........#####
##....8...8....## #
###.........### ###########


You could see a death knight and a shadow wraith (invisible).

Vanquished Creatures
  Saint Roka (Vaults:1)
  Vashnia (Snake:3)
  Jory (Vaults:3)
  A lich (Crypt:2)
  A sphinx (D:8)
  4 ancient champions
  2 revenants
  Gastronok (Lair:3)
  2 krakens
  10 nagarajas
  A war gargoyle (Vaults:4)
  An orc warlord (Orc:1)
  A fire giant (Vaults:4)
  2 frost giants (Vaults:3)
  10 vault wardens
  2 deep elf sorcerers
  Aizul (Snake:2)
  10 ironheart preservers
  2 curse skulls (Crypt:1)
  The ghost of EtherCrawl the Warrior, an adept MiNo of Okawaru (Snake:4)
  2 entropy weavers
  3 vampire knights
  An eidolon (Crypt:2)
  3 merfolk javelineers (Shoals:4)
  Snorg (D:5)
  2 fire dragons
  A chaos butterfly (Vaults:1)
  7 ghouls
  2 deep elf death magi
  11 naga warriors
  3 ice dragons
  4 death knights
  4 merfolk avatars
  The ghost of Thalamas the Severer, a journeyman MiBe of Trog (Lair:5)
  The ghost of Heezod the Fighter, a journeyman MiBe of Trog (Shoals:4)
  7 jiangshi
  6 very ugly things
  A deep troll earth mage (Vaults:2)
  5 satyrs
  A rakshasa (D:6)
  4 boulder beetles
  10 merfolk impalers
  9 ogre magi
  5 stone giants
  6 vampire magi
  2 soul eaters (Crypt:2)
  22 naga sharpshooters
  9 shock serpents
  2 ettins (Vaults:4)
  4 deep elf knights
  2 swooping magpies
  4 vault guards
  3 unseen horrors
  6 salamander mystics (Snake:4)
  21 skeletal warriors
  4 yaktaur captains
  4 deep elf archers
  A fire crab (Volcano)
  8 ironbrand convokers
  5 lindwurms
  7 naga ritualists
  A dancing weapon (Lair:5)
  21 anacondas
  3 tengu warriors
  2 phantasmal warriors
  3 harpies (Shoals:1)
  33 two-headed ogres
  8 hydras
  2 flayed ghosts
  9 orc knights
  A glowing orange brain (Vaults:2)
  A harpy (shapeshifter) (D:8)
  A shadow wraith (Crypt:3)
  4 wizards
  9 deep trolls
  2 obsidian statues
  10 centaur warriors
  11 fauns
  5 deep elf magi
  12 guardian serpents
  4 death yaks (Lair:5)
  3 necromancers
  8 orc sorcerers
  7 merfolk sirens
  11 sea snakes
  11 manticores
  9 salamanders
  19 naga magi
  36 black mambas
  A gargoyle (D:6)
  An iron troll (Orc:2)
  15 mana vipers
  19 spiny frogs
  6 water nymphs
  11 vault sentinels
  An iron giant zombie (Crypt:2)
  38 ugly things
  10 trolls
  Maggie (Lair:4)
  A rime drake (shapeshifter) (Vaults:3)
  An elephant (shapeshifter) (Vaults:4)
  8 elephants
  An efreet (D:7)
  A meliai (D:7)
  5 freezing wraiths
  7 rime drakes
  23 yaktaurs
  7 snapping turtles
  3 sharks (Shoals:3)
  A yaktaur (shapeshifter) (Vaults:3)
  A bog body (Crypt:1)
  A frost giant zombie (Crypt:1)
  A jumping spider (shapeshifter) (Vaults:4)
  8 komodo dragons
  7 polar bears
  8 wind drakes
  2 titan simulacra (Crypt:1)
  4 hornets
  A stone giant skeleton (Vaults:1)
  13 blink frogs
  A silver draconian zombie (Crypt:2)
  A spectral hydra (Crypt:3)
  5 dream sheep
  9 wraiths
  A dire elephant zombie (Crypt:1)
  28 merfolk
  3 vampires (Vaults:2)
  12 spriggans
  6 hippogriffs
  2 human zombies (Vaults:1)
  51 flying skulls
  9 cyclopes
  4 wyverns
  6 water elementals
  A tarantella (shapeshifter) (Vaults:4)
  An acid dragon (D:7)
  2 shadows
  23 yaks
  11 fire bats (Volcano)
  A basilisk (shapeshifter) (Vaults:4)
  5 basilisks
  5 guardian mummies
  A fire giant simulacrum (Vaults:1)
  7 wargs
  40 nagas
  17 slime creatures
  4 redbacks
  A dire elephant simulacrum (Crypt:3)
  A soldier ant (shapeshifter) (Vaults:2)
  A small abomination (Vaults:4)
  An ettin skeleton (Vaults:1)
  3 phantoms
  2 soldier ants (D:4)
  2 necrophages (Crypt:1)
  An anaconda skeleton (Crypt:3)
  A faun zombie (Crypt:1)
  19 scorpions
  30 orc warriors
  2 hell hounds (Volcano)
  15 porcupines
  A torpor snail zombie (Crypt:1)
  20 water moccasins
  3 black bears
  2 ice beasts
  2 redback zombies
  A sea snake skeleton (Crypt:1)
  44 ogres
  16 wolves
  2 wolf spider simulacra (D:8)
  A manticore skeleton (Crypt:3)
  17 crocodiles
  A rock worm zombie (D:5)
  3 big kobolds
  15 bullfrogs
  2 harpy zombies
  9 centaurs
  3 harpy skeletons
  A howler monkey (D:3)
  48 killer bees
  A quasit (D:6)
  3 electric eels
  2 crimson imps
  16 jellies
  5 lava snakes (Volcano)
  12 orc priests
  3 hounds
  15 orc wizards
  3 iguanas (D:3)
  A human simulacrum (Crypt:1)
  4 mummies (D:3)
  A wyvern zombie (D:6)
  4 worker ants
  A tengu skeleton (Crypt:1)
  2 wyvern skeletons
  5 giant cockroaches
  An iron imp (D:4)
  2 bullfrog zombies (D:3)
  A centaur zombie (Crypt:2)
  A porcupine skeleton (D:3)
  5 bullfrog skeletons
  9 adders
  3 gnolls (D:4)
  19 sewer rats (D:2)
  15 cinder newts
  4 worms
  A hound zombie (D:3)
  2 howler monkey zombies (D:3)
  8 worker ant zombies
  A halfling skeleton (Crypt:1)
  2 howler monkey skeletons (D:3)
  18 oozes
  5 hound skeletons (D:3)
  A dart slug (D:1)
  4 leopard geckos
  61 orcs
  8 adder skeletons (D:3)
  4 adder zombies
  3 ball pythons (D:2)
  A cinder newt skeleton (Crypt:2)
  A gnoll zombie (Crypt:2)
  6 goblins (D:1)
  7 hobgoblins (D:1)
  6 jackals
  7 quokkas
  A ball python skeleton (D:2)
  11 bats
  2 bat skeletons (D:2)
  A jackal skeleton (D:3)
  3 jackal zombies (D:3)
  8 kobolds
  4 leopard gecko skeletons (D:3)
  A leopard gecko zombie (D:3)
  8 rats
  A rat skeleton (D:2)
  A butterfly (D:4)
  6 crawling corpses
  2 jellyfish
  2 plants
  5 tentacles
1578 creatures vanquished.

Vanquished Creatures (others)
  2 merfolk aquamancers
  A naga ritualist (Snake:4)
  A manticore (Shoals:4)
  A black mamba (Snake:4)
  4 yaktaurs (Vaults:2)
  A killer bee (Lair:1)
  A jelly (D:2)
  An orc (Vaults:3)
  2 bats (D:2)
  6 kobolds (D:2)
  3 bushes
  2 butterflies (D:7)
  14 fungi
  A giant blowfly (D:2)
  A jellyfish (Shoals:4)
  23 plants
  A slimehead (D:2)
  5 tentacles
  125 withered plants (D:2)
195 creatures vanquished.

Grand Total: 1773 creatures vanquished

Notes
Turn   | Place    | Note
-------+----------+-------------------------------------------
     0 | D:1      | gruber the Troll Demonspawn began the quest for the Orb.
     0 | D:1      | Reached XP level 1. HP: 18/18 MP: 1/1
    30 | D:1      | Gained mutation: You regenerate a little health from kills.
                  | [demonic ancestry]
    30 | D:1      | Reached XP level 2. HP: 26/26 MP: 2/2
    44 | D:1      | Reached skill level 3 in Unarmed Combat
    44 | D:1      | Gained mutation: You are partially covered in yellow
                  | scales. (AC +2) [demonic ancestry]
    44 | D:1      | Reached XP level 3. HP: 31/32 MP: 3/3
   164 | D:1      | Reached skill level 4 in Unarmed Combat
   244 | D:1      | Gained mutation: You regenerate health from kills. [demonic
                  | ancestry]
   244 | D:1      | Reached XP level 4. HP: 40/40 MP: 4/4
   587 | D:2      | Reached skill level 5 in Unarmed Combat
   587 | D:2      | Reached XP level 5. HP: 38/46 MP: 5/5
   741 | D:2      | Gained mutation: You regenerate a lot of health from kills.
                  | [demonic ancestry]
   741 | D:2      | Reached XP level 6. HP: 54/54 MP: 6/6
   779 | D:2      | Reached skill level 6 in Unarmed Combat
  1010 | D:2      | Reached skill level 7 in Unarmed Combat
  1015 | D:2      | Reached XP level 7. HP: 61/61 MP: 7/7
  1445 | D:2      | Reached skill level 8 in Unarmed Combat
  1594 | D:2      | Found an iron altar of Okawaru.
  2195 | D:3      | Noticed a wraith
  2195 | D:3      | Noticed a wraith
  2205 | D:2      | Reached skill level 9 in Unarmed Combat
  2205 | D:2      | Gained mutation: You are mostly covered in yellow scales.
                  | (AC +3) [demonic ancestry]
  2205 | D:2      | Reached XP level 8. HP: 64/68 MP: 8/8
  2411 | D:3      | Killed a wraith
  2413 | D:3      | Reached skill level 5 in Dodging
  2425 | D:3      | Gained mutation: You are partially covered in sharp spines.
                  | [demonic ancestry]
  2425 | D:3      | Reached XP level 9. HP: 75/75 MP: 9/9
  2561 | D:3      | Found an opulent altar of Gozag.
  2674 | D:3      | Reached skill level 1 in Shields
  2857 | D:3      | Gained mutation: You have sharp toenails. [demonic
                  | ancestry]
  2857 | D:3      | Reached XP level 10. HP: 56/83 MP: 10/10
  2921 | D:3      | Found an opulent altar of Gozag.
  3311 | D:3      | Gained mutation: You possess an exceptional clarity of
                  | mind. [potion of mutation]
  3312 | D:3      | Gained mutation: You expend magic power (3 MP) to
                  | strengthen your wands. [potion of mutation]
  4173 | D:4      | Found a staircase to the Ecumenical Temple.
  4506 | Temple   | Entered the Ecumenical Temple
  4577 | Temple   | Became a worshipper of Qazlal Stormbringer
  4680 | D:5      | Entered Level 5 of the Dungeon
  4684 | D:5      | Identified a scroll of acquirement
  4733 | D:5      | Found a staircase to the Lair.
  4743 | D:5      | Reached skill level 5 in Shields
  5009 | D:5      | Found Dulurim's Antique Armour Boutique.
  5015 | D:5      | Bought a glowing cloak for 232 gold pieces
  5015 | D:5      | Bought a glowing robe for 114 gold pieces
  5197 | D:5      | Noticed Snorg
  5204 | D:5      | Killed Snorg
  5204 | D:5      | Reached XP level 11. HP: 89/89 MP: 11/11
  5262 | D:5      | Reached * piety under Qazlal
  5357 | D:6      | Found a sacrificial altar of Ru.
  5383 | D:6      | Identified the cursed ring "Coimink" {Ice Int+2, (Curse:
                  | *Tele *Slow Fragile)}
  5384 | D:6      | Noticed a two-headed ogre
  5394 | D:6      | Killed a two-headed ogre
  5399 | D:6      | Noticed a rakshasa
  5426 | D:6      | Killed a rakshasa
  5495 | D:6      | Found a staircase to the Orcish Mines.
  5546 | D:6      | Identified the ring "Vejofi" {+Blink rPois} (You acquired
                  | it on level 6 of the Dungeon)
  5548 | D:6      | Identified the +4 halberd of Iqaurgh {venom, +Inv Str-2
                  | Int+8} (You acquired it on level 6 of the Dungeon)
  5548 | D:6      | Identified the +3 staff of Fadixkow {energy, death; rN+
                  | Str+4 Int+2 Stlth-} (You acquired it on level 6 of the
                  | Dungeon)
  5738 | D:6      | Reached ** piety under Qazlal
  5960 | D:6      | Found a hazy altar of Hepliaklqana.
  6037 | D:7      | Noticed a seven-headed hydra
  6049 | D:7      | Killed an eight-headed hydra
  6130 | D:7      | Noticed a two-headed ogre
  6131 | D:7      | Noticed a tengu warrior
  6148 | D:7      | Noticed an orc knight
  6149 | D:7      | Killed a two-headed ogre
  6150 | D:7      | Reached skill level 10 in Shields
  6169 | D:7      | Killed a tengu warrior
  6218 | D:7      | Killed an orc knight
  6243 | D:7      | Noticed a tengu warrior
  6304 | D:7      | Killed a tengu warrior
  6335 | D:7      | Reached XP level 12. HP: 70/97 MP: 12/12
  6482 | D:7      | Reached skill level 10 in Unarmed Combat
  6699 | D:7      | Found a gate to the Vaults.
  6718 | D:7      | Reached skill level 1 in Slings
  7523 | Lair:1   | Connectivity tunneler affected wad_woods_minihive.
  7523 | Lair:1   | Connectivity tunneler affected wad_woods_minihive.
  7523 | Lair:1   | Entered Level 1 of the Lair of Beasts
  7526 | Lair:1   | Reached skill level 5 in Slings
  7529 | Lair:1   | Noticed a boulder beetle
  7531 | Lair:1   | Reached *** piety under Qazlal
  7545 | Lair:1   | Killed a boulder beetle
  7671 | Lair:1   | Reached **** piety under Qazlal
  7740 | Lair:1   | Reached XP level 13. HP: 89/104 MP: 13/13
  7824 | Lair:1   | Found a dark tunnel.
  7834 | Volcano  | Entered a volcano
  7968 | Volcano  | Found a burning altar of Makhleb.
  8275 | Lair:1   | Reached ***** piety under Qazlal
  8518 | Lair:1   | Reached skill level 10 in Slings
  8752 | Lair:2   | Reached skill level 1 in Fighting
  9119 | Lair:3   | Noticed Gastronok
  9136 | Lair:3   | Killed Gastronok
  9327 | Lair:3   | Reached skill level 5 in Fighting
  9588 | Lair:3   | Found a staircase to the Shoals.
 10152 | Lair:4   | Reached skill level 1 in Armour
 10174 | Lair:4   | Noticed Maggie
 10185 | Lair:4   | Killed Maggie
 10253 | Lair:4   | Reached ****** piety under Qazlal
 10256 | Lair:4   | Reached XP level 14. HP: 130/130 MP: 14/14
 10482 | Lair:4   | Found a staircase to the Snake Pit.
 11539 | Lair:5   | Found a staircase to the Slime Pits.
 11628 | Lair:5   | Noticed Thalamas's ghost (journeyman MiBe)
 11629 | Lair:5   | Found a shimmering altar of Xom.
 11630 | Lair:5   | Found a runed translucent door.
 11926 | Lair:6   | Entered Level 6 of the Lair of Beasts
 11954 | Lair:6   | Reached skill level 11 in Unarmed Combat
 12150 | Lair:6   | Reached skill level 12 in Unarmed Combat
 12400 | Lair:6   | Found an ornate altar of the Wu Jian Council.
 12857 | D:8      | Entered Level 8 of the Dungeon
 12857 | D:8      | Found a hide-covered altar of Uskayaw.
 12927 | D:8      | Reached skill level 13 in Unarmed Combat
 13001 | D:8      | Found a staircase to the Depths.
 13060 | D:8      | Noticed a sphinx
 13069 | D:8      | Killed a sphinx
 13401 | D:8      | Reached XP level 15. HP: 136/136 MP: 15/15
 14059 | D:8      | Found a bloodstained altar of Trog.
 14308 | Snake:1  | Entered Level 1 of the Snake Pit
 14314 | Snake:1  | Reached skill level 14 in Unarmed Combat
 14704 | Snake:1  | Found Susoari's Food Shop.
 14920 | Snake:1  | Identified the +1 robe of the Big Bang {rPois rC+}
 15585 | Snake:2  | Reached skill level 15 in Unarmed Combat
 15615 | Snake:2  | Found a flickering gateway to a bazaar.
 15641 | Bazaar   | Entered a bazaar
 15646 | Bazaar   | Found Reamim's Antique Weapon Boutique.
 15656 | Bazaar   | Found Duhetus's Food Boutique.
 15666 | Bazaar   | Found Temyxt's Distillery.
 15673 | Bazaar   | Found Teoc's Distillery.
 15832 | Snake:2  | Noticed a nagaraja
 15835 | Snake:2  | Noticed a nagaraja
 15840 | Snake:2  | Noticed a nagaraja
 15845 | Snake:2  | Killed a nagaraja
 15852 | Snake:2  | Killed a nagaraja
 15852 | Snake:2  | Reached skill level 5 in Armour
 15860 | Snake:2  | Killed a nagaraja
 15888 | Snake:2  | Noticed Aizul
 15908 | Snake:2  | Killed Aizul
 16668 | Snake:3  | Noticed Vashnia
 16673 | Snake:3  | Identified the cursed ring of Wagiesy {rF- rC+++ rN+ Str+7
                  | Dex-3, (Curse: *Drain Fragile Slay-5)}
 16714 | Snake:3  | Found a glowing golden altar of the Shining One.
 16718 | Snake:3  | Reached XP level 16. HP: 140/144 MP: 16/16
 16900 | Snake:3  | Killed Vashnia
 17121 | Snake:3  | Gained mutation: You are agile. (Dex +2) [potion of
                  | mutation]
 17125 | Snake:3  | Learned a level 2 spell: Blink
 17231 | Snake:3  | Found Otiricuc's Gadget Shop.
 17231 | Snake:3  | Found Wuil's Gadget Shop.
 17232 | Snake:3  | Found Zyer's Jewellery Emporium.
 17423 | Snake:4  | Entered Level 4 of the Snake Pit
 17466 | Snake:4  | Reached skill level 10 in Armour
 17477 | Snake:4  | Reached skill level 1 in Translocations
 17723 | Snake:4  | Found Oguunwuomu's Weapon Shoppe.
 17871 | Snake:4  | Found an opulent altar of Gozag.
 17871 | Snake:4  | Noticed EtherCrawl's ghost (adept MiNo)
 17872 | Snake:4  | Found a runed translucent gate.
 17872 | Snake:4  | Found a runed translucent gate.
 17872 | Snake:4  | Found a runed translucent gate.
 17872 | Snake:4  | Found Wiuplan's Assorted Antiques.
 18028 | Snake:4  | Found a radiant altar of Vehumet.
 18045 | Snake:4  | Identified the cursed ring of Byesakhlus {Fire -Vis +Inv
                  | Dex+7 Stlth-, (Curse: *Tele Fragile)}
 18056 | Snake:4  | Reached skill level 5 in Translocations
 18233 | Snake:4  | Reached XP level 17. HP: 141/152 MP: 17/17
 18285 | Snake:4  | Identified the cursed ring "Fotsaado" {Wiz rF+ Dex+3,
                  | (Curse: Fragile)}
 18576 | Snake:4  | Got a serpentine rune of Zot
 18876 | Orc:1    | Entered Level 1 of the Orcish Mines
 19163 | Orc:1    | Found a roughly hewn altar of Beogh.
 19244 | Orc:1    | Found Sigga's Antique Armour Shop.
 19258 | Orc:1    | Bought a runed scutum for 240 gold pieces
 19432 | Orc:2    | Entered Level 2 of the Orcish Mines
 19511 | Orc:2    | Reached skill level 5 in Invocations
 19529 | Orc:2    | Found Tivvu's Magic Scroll Emporium.
 19570 | Orc:2    | Identified the cursed ring of Cunabal {Wiz rF++ rN+ Dex-4
                  | Stlth+, (Curse: *Corrode)}
 19730 | Orc:2    | Found Qaummiog's Armour Shoppe.
 19871 | Orc:2    | Found a staircase to the Elven Halls.
 19999 | Orc:2    | Found Usokas's General Store.
 20000 | Orc:2    | Found Hiaqups's Weapon Shop.
 20002 | Orc:2    | Bought the +0 mask of the Dragon {MR+ Slay+3 +Vis} for 434
                  | gold pieces
 20002 | Orc:2    | Found the +0 mask of the Dragon {MR+ Slay+3 +Vis}
 20020 | Orc:2    | Found Pomol's Antique Armour Emporium.
 20273 | Shoals:1 | Entered Level 1 of the Shoals
 20427 | Shoals:1 | Identified the +1 robe of the Lonely Stories {Regen+ Dex+4
                  | Stlth-}
 20556 | Shoals:1 | Identified the cursed amulet of Ruhaoll {Spirit rC+ Stlth+,
                  | (Curse: -Vis)}
 20859 | Shoals:2 | Reached skill level 10 in Invocations
 21038 | Shoals:2 | Found Taurraaf's General Store.
 21230 | Shoals:2 | Found Keumoro's Assorted Antiques.
 21246 | Shoals:2 | Found Denilace's Antique Weapon Shoppe.
 21269 | Shoals:2 | Gained mutation: You have razor-sharp toenails. [demonic
                  | ancestry]
 21269 | Shoals:2 | Reached XP level 18. HP: 134/159 MP: 25/25
 21300 | Shoals:2 | Identified the cursed amulet "Xutan" {Spirit Int+2, (Curse:
                  | *Tele Fragile Dex-4)}
 21322 | Shoals:2 | Found Riophick's Weapon Emporium.
 21553 | Shoals:3 | Identified the cursed ring of Elyvilon's Hope {*Corrode
                  | +Fly rPois rF++ Stlth+, (Curse: Fragile)}
 21556 | Shoals:3 | Identified the cursed ring "Vuxusel" {MR+ Int+4 Stlth+,
                  | (Curse: Fragile)}
 22222 | Shoals:4 | Entered Level 4 of the Shoals
 22591 | Shoals:4 | Noticed Heezod's ghost (journeyman MiBe)
 22593 | Shoals:4 | Found the ring of the Octopus King {AC+1 EV+1 Str+1 Int+1
                  | Dex+1 Stlth+}
 22593 | Shoals:4 | Found the ring of the Octopus King {AC+1 EV+1 Str+1 Int+1
                  | Dex+1 Stlth+}
 22596 | Shoals:4 | Found the +8 arc blade {discharge, rElec}
 22605 | Shoals:4 | Found a large runed translucent door.
 22606 | Shoals:4 | Found a large runed translucent door.
 22663 | Shoals:4 | Killed Heezod's ghost
 22701 | Shoals:4 | Got a barnacled rune of Zot
 23202 | Lair:5   | Killed Thalamas's ghost
 23350 | Snake:4  | Killed EtherCrawl's ghost
 23633 | Vaults:1 | Entered Level 1 of the Vaults
 23633 | Vaults:1 | Identified the cursed ring "Viagaits" {Str+5 Int+3, (Curse:
                  | Fragile rF-)}
 23796 | Vaults:1 | Reached skill level 10 in Fighting
 23900 | Vaults:1 | Noticed Saint Roka
 23904 | Vaults:1 | Killed Saint Roka
 23917 | Vaults:1 | Gained mutation: You are completely covered in yellow
                  | scales. (AC +4, rCorr) [demonic ancestry]
 23917 | Vaults:1 | Reached XP level 19. HP: 179/183 MP: 27/27
 24717 | Vaults:2 | Identified the +3 glaive of Disharmony {slay drac, Str+4}
 25085 | Vaults:2 | Found a staircase to the Crypt.
 25183 | Vaults:2 | Found a runed translucent gate.
 25184 | Vaults:2 | Found a runed translucent gate.
 25185 | Vaults:2 | Found a runed translucent gate.
 25185 | Vaults:2 | Found an opulent altar of Gozag.
 25188 | Vaults:2 | Found Guimaotu's Assorted Antiques.
 25188 | Vaults:2 | Noticed Switch's ghost (veteran DDFi)
 25279 | Vaults:2 | Identified the cursed amulet of Virtue {Harm *Drain Str+3,
                  | (Curse: Fragile)}
 25901 | Vaults:3 | Identified the +0 plate armour of Xoozesh {MP+9 Str+2}
 26097 | Vaults:3 | Identified the +5 long sword of Hugung {acid, Int+4}
 26363 | Vaults:3 | Found a portal to a secret trove of treasure.
 26647 | Vaults:3 | Noticed Jory
 26654 | Vaults:3 | Killed Jory
 27221 | Vaults:3 | Reached XP level 20. HP: 184/198 MP: 28/28
 27585 | Vaults:4 | Identified the cursed ring of the Scarab {Wiz rPois rF+
                  | Dex+4, (Curse: *Corrode Fragile)}
 28298 | Vaults:4 | Identified the cursed ring "Wismel" {rPois MP+9, (Curse:
                  | Fragile rF-)}
 28608 | Crypt:1  | Entered Level 1 of the Crypt
 28694 | Crypt:1  | Identified the cursed ring of the Doge {Ice Stlth+, (Curse:
                  | *Tele Fragile)}
 28879 | Crypt:1  | HP: 7/198 [freezing wraith[a curse skull] (5)]
 28962 | Crypt:1  | Noticed Jetyrhek's ghost (veteran GrEE)
 28980 | Crypt:1  | Found Vifohaka's Assorted Antiques.
 28982 | Crypt:1  | Found an opulent altar of Gozag.
 29157 | Crypt:1  | Found a runed translucent gate.
 29158 | Crypt:1  | Found a runed translucent gate.
 29159 | Crypt:1  | Found a runed translucent gate.
 29818 | Crypt:2  | Gained mutation: You are mostly covered in sharp spines.
                  | [demonic ancestry]
 29818 | Crypt:2  | Reached XP level 21. HP: 206/206 MP: 29/29
 30262 | Crypt:3  | Entered Level 3 of the Crypt
 30464 | Crypt:3  | Found an ancient bone altar of Kikubaaqudgha.
 30631 | Crypt:3  | Mangled by a shadow wraith

Levels and vault maps discovered:
D:1:      psy_arrival_fountain, layout_cave_pools, cheibrodos_sewer_entry_drain
D:2:      kennysheep_big_flooded_room, layout_sewer, kennysheep_little_box,
          minmay_octomino_j4
D:3:      layout_gridville, basic_altar, first_ration,
          nicolae_ossuary_entry_giza, ossuary_minmay_tomb_2a
D:4:      layout_rooms, minmay_temple_entry_statues, hangedman_pestilent_swarm
D:5:      layout_roguey, minmay_lair_entry_grove, serial_shops, shop,
          grunt_ministairs_11, minmay_curled_crystal, uniq_snorg
D:6:      layout_rooms, lemuel_coloured_pillars_altar, nicolae_ru_awakened_eye,
          david_orc_3
D:7:      layout_loops_ring, lightli_vaults_fourway_checkpoint, minmay_holes
D:8:      grunt_enter_depths_snipers, layout_loops_ring, trog_ov_bears_minmay,
          bcadren_lemuel_inverted_doored_altar, minmay_crystal_water,
          minmay_crystal_room
Temple:   nicolae_temple_elliptical
Lair:1:   wad_woods_minihive, layout_gridlike, nicolae_volcano_entry_two_sided
Lair:2:   layout_cave_shapes
Lair:3:   wander_river, layout_small_grid, minmay_shoals_entry_centaurs,
          chequers_serial_rivers_micro_d, uniq_gastronok
Lair:4:   lemuel_slime, layout_layer_cave, minmay_snake_entry_guardpost_small,
          serial_bayou_shore_a, uniq_maggie
Lair:5:   layout_roguey, nicolae_slime_entry_slimehenge, ebering_ghost_xom,
          chequers_serial_rivers_micro_e
Lair:6:   gammafunk_lair_ancient_temple, layout_loops_ring, basic_altar,
          st_stairs_12
Shoals:1: layout_shoals
Shoals:2: layout_shoals, serial_shops, nicolae_shop_stone, shop_coins, shop,
          shop
Shoals:3: layout_shoals
Shoals:4: shoals_end_grunt_garden, layout_shoals, ebering_ghost_disaster_area
Snake:1:  layout_layer_cave, serial_shops, shop
Snake:2:  nicolae_aizul_guard, layout_grid_maze, serial_shops, bzr_entry_road
Snake:3:  layout_misc_corridors, basic_altar, minmay_shop_grove,
          serial_bayou_shore_b, uniq_aizul, uniq_vashnia
Snake:4:  snake_pit_salamanders_mu, layout_cave_town, basic_altar,
          ebering_ghost_gozag, serial_shops, nicolae_shop_stone
Orc:1:    layout_caves, serial_shops, nicolae_shop_statue_plus,
          minmay_orc_temple_a
Orc:2:    st_orc_open, layout_caves, serial_shops, shop
Vaults:1: st_hourglassy, grunt_vaults_diagonal, nicolae_vaults_three_branches,
          grunt_vaults_funnel, v_misc_14, layout_vaults_big_room,
          uniq_saint_roka
Vaults:2: ebering_vaults_ghost_gozag, minmay_crypt_entry_vampire_xt,
          nicolae_vaults_theta, nicolae_vaults_an_arrangement, vaults_room_pool,
          nicolae_vaults_yaktaur_gun_rack, hangedman_vaults_corner_blocks,
          ontoclasm_vaults_shuriken, vaults_room_boxed, vaults_room_corners,
          v_misc_14, layout_vaults_omnibox
Vaults:3: v_misc_24, nicolae_vaults_quartermaster, ontoclasm_vaults_twist,
          hangedman_vaults_slither, hangedman_vaults_unwind,
          hangedman_vaults_maws, layout_vaults_omnigrid,
          nicolae_trove_entry_path_of_doom, uniq_jory
Vaults:4: nicolae_vaults_bisected_slash, nicolae_vaults_border_crossing,
          v_misc_2, v_misc_29, hangedman_vaults_corner, v_misc_4,
          nicolae_vaults_quadrants, v_misc_10, vaults_room_pools,
          nicolae_vaults_asterisk, vaults_dpeg_spiral,
          layout_vaults_maze_snakey, uniq_margery
Crypt:1:  layout_basic, ebering_ghost_gozag
Crypt:2:  layout_misc_corridors, serial_sigils_hangedman_scar, st_stairs_10
Crypt:3:  grunt_crypt_end_deaths_head

Skill      XL: |  1  2  3  4  5  6  7  8  9 10 11 12 13 14 15 16 17 18 19 20 21 |
---------------+----------------------------------------------------------------+-----
Unarmed Combat | 3 4 5 7 9 10 13 15 | 15.4
Dodging        | 5 8 |  8.3
Shields        | 2 7 10 | 10.3
Slings         | 8 10 11 | 11.6
Fighting       | 6 10 12 | 12.2
Armour         | 2 4 7 10 11 14 | 14.7
Translocations | 5 8 |  8.4
Invocations    | 11 13 | 13.0
Stealth        | |  1.0
Spellcasting   | |  1.0
Fire Magic     | |  1.3

Action                   |  1- 3 |  4- 6 |  7- 9 | 10-12 | 13-15 | 16-18 | 19-21 || total
-------------------------+-------+-------+-------+-------+-------+-------+-------++-------
Melee: Unarmed           |    52 |   193 |   231 |   573 |   975 |  1142 |  1084 ||  4250
       Kick              |       |       |       |   105 |   251 |   456 |   362 ||  1174
 Fire: Mangonel          |       |       |       |    12 |    20 |    20 |    70 ||   122
 Cast: Blink             |       |       |       |       |       |       |     1 ||     1
Invok: Upheaval          |       |       |       |       |     2 |     4 |     5 ||    11
       Elemental Force   |       |       |       |       |       |     1 |       ||     1
       Disaster Area     |       |       |       |       |       |       |     1 ||     1
Evoke: Lamp of fire      |       |       |       |     1 |       |       |     1 ||     2
       Wand              |       |       |       |     1 |       |       |       ||     1
  Use: Potion            |       |       |       |     2 |     1 |     1 |     2 ||     6
       Scroll            |       |       |       |     2 |     2 |     1 |       ||     5
 Stab: Sleeping          |       |     2 |     1 |     3 |       |       |       ||     6
       Distracted        |       |       |       |       |       |       |     1 ||     1
  Eat: Chunk             |       |     6 |    16 |    46 |    65 |    67 |    40 ||   240
       Ration            |       |       |     1 |     1 |     3 |     2 |     4 ||    11
Armor: Robe              |     3 |    37 |    78 |   116 |   117 |       |       ||   351
       Skin              |       |       |       |     2 |       |       |       ||     2
       Swamp dragon scal |       |       |       |       |    35 |    31 |       ||    66
       Quicksilver drago |       |       |       |       |       |   318 |   220 ||   538
Dodge: Dodged            |    13 |    57 |   130 |   109 |   181 |   197 |   165 ||   852
       Deflected         |       |       |       |       |    35 |    46 |    44 ||   125
Block: Heater shield     |       |       |       |   130 |   416 |   757 |   306 ||  1609
       Other             |       |       |       |    48 |    62 |    11 |    96 ||   217
       Reflection        |       |       |       |    11 |    85 |   142 |    39 ||   277
